 Dungeon Crawl Stone Soup version 0.30.1-11-g7821555f0a (webtiles) character file.

Game seed: 4645558928956814477

14 comborobin the Sneak (level 2, -1/25 HPs)
             Began as a Demigod Delver on Dec 16, 2023.
             Killed from afar by an orc wizard (6 damage)
             ... with a magic dart
             ... on level 4 of the Dungeon.
             The game lasted 00:01:09 (373 turns).

comborobin the Sneak (Demigod Delver)                Turns: 373, Time: 00:01:10

Health: -1/25      AC:  3    Str: 13    XL:     2   Next: 18%
Magic:  4/4        EV: 11    Int: 12    God:
Gold:   0          SH:  0    Dex: 15    Spells: 1/1 levels left

rFire   . . .        a - +0 flail
rCold   . . .        (no shield)
rNeg    . . .        b - +0 leather armour
rPois   .            (no helmet)
rElec   .            (no cloak)
rCorr   .            (no gloves)
SInv    .            (no boots)
Will    .....        (no amulet)
Stlth   +++          (no ring)
HPRegen 0.24/turn    (no ring)
MPRegen 0.09/turn

%: no passive effects
@: no status effects
A: high MP 1, forlorn, divine attributes
a: no special abilities


You were on level 4 of the Dungeon.
You visited 1 branch of the dungeon, and saw 3 of its levels.

Inventory:

Hand Weapons
 a - a +0 flail (weapon)
 d - a +0 mace
Armour
 b - a +0 leather armour (worn)
Magical Staves
 h - a staff of cold
Scrolls
 c - a scroll of fog
 e - a scroll of fear
 i - a scroll of teleportation {unknown}
Potions
 f - a potion of resistance {unknown}


   Skills:
 - Level 2.6 Fighting
 + Level 2.7 Maces & Flails
 - Level 1.7 Dodging
 - Level 4.5 Stealth


You had one spell level left.
You didn't know any spells.
Your spell library was empty.

Dungeon Overview and Level Annotations

Branches:
Dungeon (6/15)
 Temple: D:4-7


Innate Abilities, Weirdness & Mutations

You have an increased reservoir of magic. (+10% MP)
You shall have no god before yourself.
Your divine heritage dramatically boosts your attributes as you level up.


Message History

You are too confused!
You are too confused!
You are too confused!
You are too confused!
You are too confused!
You are too confused!
You are too confused!
You are too confused!
You are too confused!
You are too confused!
You are too confused!
You are too confused!
You bump into the rock wall.
Something hits you but does no damage.
You see here a giant cockroach corpse.
You bump into the rock wall.
Something hits you but does no damage.
You bump into the rock wall.
Something hits you.
You closely miss something. Something hits you.
You're too confused to move!
Something hits you.
You miss something.
You feel less confused. Something hits you.
You barely miss something. Something hits you.
Something hits you but does no damage.
You miss something. Something hits you.
You miss something. Something hits you.
* * * LOW HITPOINT WARNING * * *
You closely miss something. Something hits you but does no damage.
You miss something. Something hits you.
* * * LOW HITPOINT WARNING * * *
Something hits you but does no damage.
You hit something.
You hear some strange, mumbled words.
A puff of flame appears from out of thin air!
The puff of flame misses you.
You hit something but do no damage.
You hear some strange, mumbled words.
A magic dart appears from out of thin air!
The magic dart hits you.
You die...

#..........# ...<.
#..........## ....
#[..........# #...
#...........# ..#####
#...........###...~~~~
##...........#....~~~~
#......###.......~~~~
###...#{###.....####
#.....#@####........
#.....##.# ###....o.
#..#....##.# ##....
#.###....##.# ... #.#
##....##.# .. ##
##....##.# . #..)..###
##.....## ###.....##
....


There were no monsters in sight!

Vanquished Creatures
  An adder (D:5)
  2 orcs (D:4)
  A giant cockroach (D:4)
4 creatures vanquished.

Notes
Turn   | Place    | Note
-------+----------+-------------------------------------------
     0 | D:5      | comborobin the Demigod Delver began the quest for the Orb.
     0 | D:5      | Reached XP level 1. HP: 18/18 MP: 3/3
    62 | D:4      | Noticed an orc wizard
    79 | D:4      | Reached XP level 2. HP: 4/25 MP: 4/4
   373 | D:4      | Killed from afar by an orc wizard

Illustrated notes

Levels and vault maps discovered:
D:4:      layout_cave_pods, lemuel_round_altar, mainiacjoe_overflow_chevrons,
          lemuel_doored_altar, portal_sewer_entry_f
D:5:      layout_layer_cave, fiery_altar_vehumet,
          hangedman_abyss_or_decor_lesser_grid, minmay_tree_intersection,
          lemuel_flame_loot_1, uniq_grinder
D:6:      layout_basic, minmay_temple_entry_offerings, hex_tiny,
          serial_park_tiny_2, lightli_church_of_beogh

Skill      XL: |  1 |
---------------+----+-----
Maces & Flails | 2 |  2.7
Fighting       | |  2.6
Dodging        | |  1.7
Stealth        | |  4.5

Action                     || total
---------------------------++-------
  Melee: Mace              ||    15
         Flail             ||    16
  Evoke: Wand              ||     3
    Use: Scroll            ||     1
         Potion            ||     1
   Stab: Sleeping          ||     1
 Armour: Leather armour    ||     9
  Dodge: Dodged            ||    16
